 Dungeon Crawl Stone Soup version 0.24-a0-279-ga7546fe (webtiles) character file.

Game seed: 9898372120649184252

2286 erloom the Transmogrifier (level 9, -1/68 HPs)
             Began as a Merfolk Transmuter on May 1, 2019.
             Slain by a killer bee (6 damage)
             ... on level 6 of the Dungeon.
             The game lasted 00:24:13 (7246 turns).

erloom the Transmogrifier (Merfolk Transmuter)      Turns: 7246, Time: 00:24:14

Health: -1/68      AC:  7    Str: 16    XL:     9   Next: 39%
Magic:  14/14      EV: 15    Int: 15    God:
Gold:   95         SH:  0    Dex: 14    Spells: 4/15 levels left

rFire    + . .     SeeInvis .     - Unarmed
rCold    + + .     Gourm    .   (shield currently unavailable)
rNeg     . . .     Faith    .   s - +0 leather armour
rPois    +         Spirit   .   (no helmet)
rElec    +         Reflect  .   y - +2 cloak
rCorr    +         Harm     .   (gloves currently unavailable)
MR       .....                  o - +0 pair of boots
Stlth    +.........             (no amulet)
HPRegen  0.21/turn              C - +1 ring of evasion
MPRegen  0.14/turn              G - ring of protection from cold

@: confused, mighty, lethally poisoned (-1 -> -16), blade hands (expiring),
resistant, very slightly contaminated
A: change form in water, swift swim, stealthy swim
a: End Transformation


You were on level 6 of the Dungeon.
You were not hungry.
You had blades for hands.
You visited 2 branches of the dungeon, and saw 8 of its levels.

You collected 335 gold pieces.
You spent 240 gold pieces at shops.

Inventory:

Missiles
 a - 60 arrows
 c - 192 stones (quivered)
Armour
 b - a +0 robe
 e - a +0 ring mail
 o - a +0 pair of boots (worn)
 s - a +0 leather armour (worn)
 v - a +0 shield
 y - a +2 cloak (worn)
Jewellery
 n - an uncursed ring of stealth
 C - a +1 ring of evasion (left scythe-like blade)
 D - an uncursed ring of resist corrosion
 G - a ring of protection from cold (right scythe-like blade)
Wands
 z - a wand of paralysis (11)
 F - a wand of iceblast (8)
Scrolls
 g - 3 scrolls of identify
 h - a scroll of immolation
 j - 6 scrolls of remove curse
 k - a scroll of enchant armour
 m - 5 scrolls of teleportation
 p - 2 scrolls of blinking
 r - 2 scrolls of amnesia
 u - 2 scrolls of fog
 w - 2 scrolls of magic mapping
Potions
 f - a potion of lignification
 x - 2 potions of brilliance
 A - 2 potions of mutation
 E - a potion of cancellation
 H - a potion of berserk rage {unknown}
Comestibles
 d - 21 rations
 q - 2 chunks of flesh


   Skills:
 - Level 5.2 Fighting
 - Level 5.0 Dodging
 - Level 8.0 Unarmed Combat
 + Level 3.9 Spellcasting
 - Level 10.0 Transmutations
 - Level 1.0 Poison Magic


You had 4 spell levels left.
You knew the following spells:

 Your Spells              Type           Power        Failure   Level  Hunger
a - Beastly Appendage     Tmut           ####..       11%         1    None
b - Sticks to Snakes      Tmut           ####....     12%         2    ##.....
c - Spider Form           Tmut/Pois      ###.......   38%         3    ###....
d - Blade Hands           Tmut           ####......   45%         5    ######.

Your spell library contained the following spells:

 Spells                   Type           Power        Failure   Level  Hunger
 Ice Form                 Ice/Tmut       ###.....     71%         4    ####...


Dungeon Overview and Level Annotations

Branches:
Dungeon (7/15)             Temple (1/1) D:5

Altars:
Cheibriados
Elyvilon
Gozag
Kikubaaqudgha
Makhleb
Qazlal
Ru
Sif Muna
Uskayaw
Wu Jian
Xom
Yredelemnul
Zin
The Shining One

Shops:
D:6 (}?

Annotations:
D:3 3 runed translucent doors, confidenceinterval's ghost, amateur DsFi
D:5 exclusion: upstairs
D:6 exclusion: slave


Message History

You miss the killer bee.
The killer bee is lightly wounded.
* * * LOW HITPOINT WARNING * * *
You feel sick. The killer bee misses you.
Unknown command.
Okay, then.
Okay, then.
You feel protected.
* * * LOW HITPOINT WARNING * * *
You feel sick. The killer bee misses you. The killer bee closely misses you.
The killer bee misses you. x2
Unknown command.
Unknown command.
You are confused.
You feel invigorated.
* * * LOW HITPOINT WARNING * * *
You feel sick. The killer bee stings you.
* * * LOW HITPOINT WARNING * * *
The killer bee misses you. The killer bee stings you.
You die...

#.#...)..##.##.....#.###.#
#.#..§....................
#.#...)..##.####...#..<#.#
#.#....a.##.####...#######
#.#....y.#........#.#.#.#.
#.#......#..######.#.#...#
#.######y.........#.#.#∩#.
#.########y#.....#.#.#.#.#
#..)[....@y.......#.#.#.#.
################.########.#.#.#.#
#.....................[..#.#.#.#.
###.############.########.#.#.#.#
#.# #.# #.#.#.#.#. #.# #.#
##.#.#.#.# #.# #.# #.#.#.#.#. #.#
#.# ##.#.#.#.# #.# #.# #.#.#.#.#.


You could see 2 killer bees.

Vanquished Creatures
  Pikel (D:6)
  Prince Ribbit (D:6)
  Grinder (D:3)
  A hippogriff (D:5)
  2 slaves (D:6)
  4 ogres
  2 bullfrogs
  A scorpion (D:6)
  2 killer bees (D:7)
  A howler monkey (D:4)
  2 crimson imps (D:5)
  A hound (D:5)
  Crazy Yiuf (D:3)
  2 orc priests
  A jelly (D:6)
  2 orc wizards
  An iguana (D:6)
  6 worker ants
  Robin (D:2)
  5 gnolls
  7 adders
  A shadow imp (D:5)
  2 adder skeletons (D:5)
  2 worms
  3 dart slugs
  3 leopard geckos
  11 orcs
  3 giant cockroaches
  15 goblins
  12 hobgoblins
  5 kobolds
  A quokka (D:2)
  2 ball pythons
  6 bats
  8 frilled lizards
  A leopard gecko zombie (D:5)
  3 rats
123 creatures vanquished.

Vanquished Creatures (others)
  A ball python (D:2)
1 creature vanquished.

Grand Total: 124 creatures vanquished

Notes
Turn   | Place    | Note
-------+----------+-------------------------------------------
     0 | D:1      | erloom the Merfolk Transmuter began the quest for the Orb.
     0 | D:1      | Reached XP level 1. HP: 15/15 MP: 3/3
   125 | D:1      | Reached XP level 2. HP: 11/21 MP: 5/5
   148 | D:1      | Learned a level 2 spell: Sticks to Snakes
   435 | D:1      | Reached skill level 3 in Transmutations
   770 | D:2      | Reached XP level 3. HP: 26/26 MP: 4/6
   809 | D:2      | Learned a level 3 spell: Spider Form
   840 | D:2      | Reached skill level 4 in Transmutations
   936 | D:2      | Noticed Robin
   968 | D:2      | Reached skill level 1 in Poison Magic
  1248 | D:2      | Reached XP level 4. HP: 32/32 MP: 7/7
  1358 | D:2      | Found a stormy altar of Qazlal.
  1578 | D:2      | Reached skill level 5 in Transmutations
  1817 | D:2      | Killed Robin
  1938 | D:3      | Found a snail-covered altar of Cheibriados.
  2097 | D:3      | Found a runed translucent gate.
  2097 | D:3      | Found a runed translucent gate.
  2097 | D:3      | Found a runed translucent gate.
  2098 | D:3      | Noticed confidenceinterval's ghost (amateur DsFi)
  2160 | D:3      | Reached XP level 5. HP: 37/37 MP: 4/8
  2166 | D:3      | Reached skill level 5 in Unarmed Combat
  2263 | D:3      | Found a shimmering altar of Xom.
  2433 | D:3      | Noticed Grinder
  2452 | D:3      | Paralysed by Grinder for 3 turns
  2461 | D:3      | Paralysed by Grinder for 7 turns
  2471 | D:3      | Killed Grinder
  2471 | D:3      | Reached XP level 6. HP: 12/43 MP: 6/9
  2669 | D:3      | Found a white marble altar of Elyvilon.
  2998 | D:3      | Found a runed translucent door.
  2999 | D:3      | Noticed Crazy Yiuf
  3010 | D:3      | Killed Crazy Yiuf
  3487 | D:4      | You fall through a shaft for 2 floors!
  3519 | D:6      | Reached XP level 7. HP: 49/49 MP: 6/10
  3645 | D:5      | Entered Level 5 of the Dungeon
  4481 | D:4      | Reached skill level 5 in Dodging
  4481 | D:4      | Reached XP level 8. HP: 54/59 MP: 7/11
  5229 | D:5      | Reached skill level 5 in Fighting
  5257 | D:5      | Noticed a hippogriff
  5268 | D:5      | Killed a hippogriff
  5457 | D:5      | Reached skill level 6 in Transmutations
  5716 | D:5      | Found a staircase to the Ecumenical Temple.
  5725 | Temple   | Entered the Ecumenical Temple
  5907 | D:6      | Noticed Prince Ribbit
  5922 | D:6      | Killed Prince Ribbit
  5922 | D:6      | Reached skill level 7 in Transmutations
  5973 | D:6      | Learned a level 5 spell: Blade Hands
  5991 | D:6      | Reached skill level 8 in Transmutations
  5991 | D:6      | Reached XP level 9. HP: 68/68 MP: 10/13
  6184 | D:6      | Found Xuen's Magic Scroll Boutique.
  6189 | D:6      | Bought a scroll of blinking for 75 gold pieces
  6189 | D:6      | Bought a scroll of identify for 20 gold pieces
  6189 | D:6      | Bought a scroll of identify for 20 gold pieces
  6189 | D:6      | Bought a scroll of teleportation for 30 gold pieces
  6189 | D:6      | Bought a scroll of remove curse for 30 gold pieces
  6189 | D:6      | Bought a scroll of magic mapping for 35 gold pieces
  6196 | D:6      | Bought a scroll of teleportation for 30 gold pieces
  6257 | D:6      | Found Pairi's Gadget Shoppe.
  6280 | D:6      | Found Yxkiut's Weapon Shoppe.
  6298 | D:6      | Noticed Pikel
  6346 | D:6      | Killed Pikel
  6346 | D:6      | Reached skill level 10 in Transmutations
  6921 | D:6      | HP: 3/68 [poisoned by a scorpion]
  7246 | D:6      | Slain by a killer bee

Levels and vault maps discovered:
D:1:      dpeg_arrival_rhombus, layout_basic, minmay_tetromino_l2
D:2:      layout_basic, nicolae_overflow_hidden_temple, grunt_qazlal_clouds,
          fountainhead, corexii_shack, uniq_robin, uniq_terence
D:3:      layout_loops_ring, lemuel_coloured_pillars_altar, elyvilon_altar_3,
          gammafunk_ghost_necromancy, first_ration, minivault_14,
          kennysheep_slug_shrine, uniq_crazy_yiuf_cottage, uniq_grinder
D:4:      layout_layer_cave
D:5:      layout_rooms, minmay_temple_entry_nine_rooms
D:6:      layout_basic, serial_shops, nicolae_shop_trees, shop, shop,
          uniq_prince_ribbit1, uniq_pikel
D:7:      layout_cave_pools, minitemple
Temple:   eino_wide_crystal_templ

Skill      XL: |  1  2  3  4  5  6  7  8  9 |
---------------+----------------------------+-----
Unarmed Combat | 4 6 7 8 |  8.0
Transmutations | 3 4 5 8 10 | 10.0
Poison Magic   | 1 |  1.0
Dodging        | 3 5 |  5.0
Fighting       | 3 5 |  5.2
Spellcasting   | 3 |  3.9

Action                   |  1- 3 |  4- 6 |  7- 9 || total
-------------------------+-------+-------+-------++-------
Melee: Unarmed           |   131 |   128 |   186 ||   445
       Punch             |     1 |     3 |     4 ||     8
       Headbutt          |     5 |     2 |       ||     7
       Tailslap          |       |     2 |       ||     2
Throw: Stone             |       |     7 |    10 ||    17
 Cast: Beastly Appendage |     3 |     6 |     1 ||    10
       Spider Form       |       |     8 |    20 ||    28
       Sticks to Snakes  |       |       |     5 ||     5
       Blade Hands       |       |       |     1 ||     1
Evoke: Wand              |       |       |     1 ||     1
  Use: Potion            |       |       |     9 ||     9
       Scroll            |       |       |    12 ||    12
 Stab: Sleeping          |     1 |     2 |     3 ||     6
       Distracted        |       |       |     1 ||     1
       Paralysed         |       |       |     5 ||     5
  Eat: Chunk             |     1 |     9 |    12 ||    22
       Ration            |       |       |     1 ||     1
Armor: Ring mail         |    45 |       |       ||    45
       Leather armour    |     1 |    27 |    16 ||    44
       Skin              |       |     3 |     4 ||     7
Dodge: Dodged            |    72 |   110 |   161 ||   343

Table legend:
 A = Non-vault XP
 B = Vault XP
 C = Vault XP percentage of total XP
 D = Non-vault monster count
 E = Vault monster count
 F = Vault count percentage of total count
                 A         B        C        D         E       F
            +---------+---------+-------+---------+---------+-------
      Total |    2011 |    1255 |  38.4 |     100 |      21 |  17.4
            +---------+---------+-------+---------+---------+-------
        D:1 |      27 |       7 |  20.6 |      17 |       3 |  15.0
        D:2 |      57 |      38 |  40.0 |      17 |      13 |  43.3
        D:3 |     114 |     307 |  72.9 |      16 |       3 |  15.8
        D:4 |     518 |       0 |   0.0 |      17 |       0 |   0.0
        D:5 |     746 |       0 |   0.0 |      19 |       0 |   0.0
        D:6 |     423 |     903 |  68.1 |      10 |       2 |  16.7
        D:7 |     126 |       0 |   0.0 |       4 |       0 |   0.0
            +---------+---------+-------+---------+---------+-------
